 Seeded DCSS version 0.27-a0-1140-g099f9bb0e8 (webtiles) character file.

Game seed: 20210509 (custom seed)

7 maxwell1 the Grave Robber (level 1, -2/13 HPs)
             Began as a Demonspawn Necromancer on May 9, 2021.
             Was a Follower of Trog.
             Slain by a goblin
             ... wielding a +0 club
              (3 damage)
             ... on level 1 of the Dungeon.
             The game lasted 00:07:22 (313 turns).

maxwell1 the Grave Robber (Demonspawn Necromancer)   Turns: 313, Time: 00:07:23

Health: -2/13      AC:  2    Str:  8    XL:     1   Next: 83%
Magic:  3/3        EV: 11    Int: 16    God:    Trog [*.....]
Gold:   58         SH:  3    Dex: 13    Spells: 3/4 levels left

rFire    . . .     SeeInvis .   b - +0 war axe
rCold    + . .     Faith    .   e - +0 buckler
rNeg     . . .     Spirit   .   d - +0 robe
rPois    .         Reflect  .   (no helmet)
rElec    .         Harm     .   (no cloak)
rCorr    .         Rampage  .   (no gloves)
Will     .....                  (no boots)
Stlth    ++........             (no amulet)
HPRegen  0.04/turn              (no ring)
MPRegen  0.08/turn              (no ring)

@: on berserk cooldown, slowed, very slow
A: talons 1, cold resistance 1, deterioration 1
a: Renounce Religion, Berserk


You were on level 1 of the Dungeon.
You worshipped Trog.
Trog was aware of your devotion.
You visited 1 branch of the dungeon, and saw 1 of its levels.

You collected 58 gold pieces.

Inventory:

Hand Weapons
 b - a +0 war axe (weapon)
Missiles
 g - 8 curare-tipped darts
Armour
 a - a +0 robe
 d - a +0 robe (worn)
 e - a +0 buckler (worn)
Scrolls
 f - a scroll of enchant armour {unknown}


   Skills:
 + Level 0.3 Axes
 + Level 2.0 Dodging
 + Level 2.0 Stealth
 - Level 2.0 Spellcasting
 - Level 4.5 Necromancy


You had 3 spell levels left.
You knew the following spells:

 Your Spells              Type           Power      Damage    Failure   Level
a - Pain                  Necr           64%        1d7       5%          1

Your spell library contained the following spells:

 Spells                   Type           Power      Damage    Failure   Level
 Animate Skeleton         Necr           32%        N/A       5%          1
 Vampiric Draining        Necr           8%         2d7       16%         3
 Animate Dead             Necr           8%         N/A       47%         4
 Agony                    Necr           16%        N/A       83%         5


Dungeon Overview and Level Annotations

Branches:
Dungeon (1/15)

Altars:
Trog


Innate Abilities, Weirdness & Mutations

You have sharp toenails.
Your flesh is cold resistant. (rC+)
Your body sometimes deteriorates upon taking damage.


Message History

You barely miss the goblin. The goblin barely misses you.
The goblin hits you with a +0 club.
You are too injured to fight recklessly!
You are too injured to fight recklessly!
You are too injured to fight recklessly!
You are too injured to fight recklessly!
Found a scroll labelled VOLECH AXEIRONO.
You are too injured to fight recklessly!
A red film seems to cover your vision as you go berserk!
You feel yourself moving faster!
You feel mighty!
A rat comes into view.
The goblin hits you with a +0 club. The goblin closely misses you.
You feel a strong urge to attack something.
The goblin hits you with a +0 club.
You feel your anger nearly subside.
You are no longer berserk.
You are exhausted.
You feel yourself slow down. The goblin hits you with a +0 club.
* * * LOW HITPOINT WARNING * * *
You are too injured to fight recklessly!
You are too injured to fight recklessly!
You are too injured to fight recklessly!
You are too injured to fight recklessly!
You are too injured to fight recklessly!
Clearing level map.
You closely miss the goblin. The goblin closely misses you.
The goblin barely misses you. You block the goblin's attack.
You slash the goblin!
You kill the goblin!
Trog accepts your kill. The goblin hits you with a +0 club.
* * * LOW HITPOINT WARNING * * *
Your Dodging skill increases to level 2!
Your Stealth skill increases to level 2!
Unknown command.
It was a potion of mutation.
You feel extremely strange.
You feel resistant to cold.
Your toenails lengthen and sharpen.
You feel yourself wasting away. The goblin hits you with a +0 club.
You die...

#####.8.8.# .. ...
....#.....# ## #.#
###.#.....# #.#
###.#.8.8.# #.#
....#.....# #.##
#####.....## #..
...'..8.8..# #.#
#####.....########.#
...#8.....8#....@g.#
##.#...<...#.#####........
##'#########.########.....
........##.......... ....
....###..#.########. ...
....# ##.#.# .. #####
#.#.# . #...# ##..#


You could see a goblin.

Vanquished Creatures
  2 ball pythons (D:1)
  An endoplasm (D:1)
  A goblin (D:1)
  A bat (D:1)
  A frilled lizard (D:1)
  A rat (D:1)
7 creatures vanquished.

Notes
Turn   | Place    | Note
-------+----------+-------------------------------------------
     0 | D:1      | maxwell1 the Demonspawn Necromancer began the quest for the
                  | Orb.
     0 | D:1      | Reached XP level 1. HP: 13/13 MP: 3/3
    43 | D:1      | Found a faded altar of an unknown god.
   100 | D:1      | Became a worshipper of Trog the Wrathful
   100 | D:1      | Reached * piety under Trog
   313 | D:1      | Gained mutation: Your flesh is cold resistant. (rC+)
                  | [potion of mutation]
   313 | D:1      | Gained mutation: You have sharp toenails. [potion of
                  | mutation]
   313 | D:1      | Gained mutation: Your body sometimes deteriorates upon
                  | taking damage. [potion of mutation]
   313 | D:1      | Slain by a goblin

Illustrated notes

Levels and vault maps discovered:
D:1:      elethiomel_arrival_quiet, layout_basic,
          hellmonk_ecumenical_altar_leap_of_faith, minmay_misc_feat_ornament

Skill      XL: |  1 |
---------------+----+-----
Dodging        | 2 |  2.0
Stealth        | 2 |  2.0
Axes           | |  0.3
Spellcasting   | |  2.0
Necromancy     | |  4.5

Action                   || total
-------------------------++-------
Melee: War axe           ||     9
 Cast: Pain              ||     2
Invok: Berserk           ||     1
  Use: Potion            ||     1
 Stab: Sleeping          ||     2
Dodge: Dodged            ||     9
Block: Buckler           ||     1

Table legend: (Time is in decaauts)
 A = Elapsed time spent in this place.
 B = Non-inter-level travel time spent in this place.
 C = Inter-level travel time spent in this place.
 D = Time resting spent in this place.
 E = Time spent auto-exploring this place.
 F = Levels seen in this place.
 G = Mean time per level.
                   A        B        C        D        E       F      G
               +--------+--------+--------+--------+--------+-----+--------+
         Total |    318 |    318 |      0 |      0 |     58 |   1 |  318.0 |
       Dungeon |    318 |    318 |      0 |      0 |     58 |   1 |  318.0 |
               +--------+--------+--------+--------+--------+-----+--------+

Top non-repeatable levels by time:
     D:1: 318 daAuts
